 Dungeon Crawl Stone Soup version 0.27-a0-323-gbd089401bb (webtiles) character file.

Game seed: 13603981653625057387

124 gimp the Chucker (level 4, -1/44 HPs)
             Began as a Troll Hunter on Feb 11, 2021.
             Succumbed to kobold brigand's curare-tipped dart
             ... on level 3 of the Dungeon.
             The game lasted 00:03:43 (1698 turns).

gimp the Chucker (Troll Hunter)                     Turns: 1698, Time: 00:03:43

Health: -1/44      AC:  6    Str: 20    XL:     4   Next: 81%
Magic:  2/2        EV: 14    Int:  7    God:
Gold:   116        SH:  0    Dex: 11    Spells: 3/3 levels left

rFire    . . .     SeeInvis .     - Unarmed
rCold    . . .     Faith    .   (no shield)
rNeg     . . .     Spirit   .   b - +0 robe
rPois    .         Reflect  .   (helmet restricted)
rElec    .         Harm     .   (no cloak)
rCorr    .         Rampage  .   (gloves unavailable)
Will     .....                  (boots unavailable)
Stlth    +.........             (no amulet)
HPRegen  0.54/turn              l - +4 ring of evasion
MPRegen  0.08/turn              (no ring)

@: lethally poisoned (-1 -> -20), slowed, very slow
A: large, unfitting armour, claws 3, horns 1, low mp 1, regeneration 1, shaggy
fur 1, tough skin 3
a: no special abilities


You were on level 3 of the Dungeon.
You visited 1 branch of the dungeon, and saw 3 of its levels.

You collected 116 gold pieces.

Inventory:

Hand Weapons
 a - a +0 short sword
Missiles
 c - 5 large rocks (quivered)
 d - 2 throwing nets
 g - 41 poisoned darts
Armour
 b - a +0 robe (worn)
Jewellery
 l - a +4 ring of evasion (left claw)
Scrolls
 h - a scroll of identify
 i - a scroll of enchant armour {unknown}
 j - a scroll of magic mapping {unknown}
 m - a scroll of amnesia
Potions
 e - 2 potions of degeneration
 f - a potion of brilliance


   Skills:
 + Level 2.4 Fighting
 + Level 4.2 Throwing
 - Level 1.5 Dodging
 - Level 0.3 Stealth
 * Level 3.0 Unarmed Combat


You had 3 spell levels left.
You didn't know any spells.
Your spell library was empty.

Dungeon Overview and Level Annotations

Branches:
Dungeon (3/15)

Altars:
Kikubaaqudgha


Innate Abilities, Weirdness & Mutations

You are too large for most types of armour.
You have claws for hands.
Your natural rate of healing is unusually fast.
You are covered in fur. (AC +1)
You have extremely tough skin. (AC +3)
You have a pair of small horns on your head.
Your magical capacity is low. (-10% MP)


Message History

You feel sick.
You take 1 damage, and have 33/44 hp.
You feel sick.
You take 2 damage, and have 31/44 hp.
You feel sick.
You feel sick.
You feel sick.
The kobold brigand throws a curare-tipped dart.
The curare-tipped dart hits you.
You are more poisoned.
You have difficulty breathing.
You feel as though you will be slow longer.
You take 8 damage, and have 23/44 hp.
You feel sick.
The kobold brigand throws a curare-tipped dart.
The curare-tipped dart hits you.
You are more poisoned.
You have difficulty breathing.
You feel as though you will be slow longer.
You take 8 damage, and have 15/44 hp.
It was a potion of mutation.
You feel extremely strange.
You feel less energetic. A pair of horns grows on your head!
* * * LOW HITPOINT WARNING * * *
You feel very sick.
You take 4 damage, and have 11/44 hp.
You now have 2/2 mp.
You aren't carrying any items that you can evoke.
Unknown command.
Okay, then.
As you read the scroll of identify, it crumbles to dust.
m - a scroll of amnesia
* * * LOW HITPOINT WARNING * * *
You feel very sick.
The kobold brigand throws a curare-tipped dart.
The curare-tipped dart hits you.
You are more poisoned.
You have difficulty breathing.
* * * LOW HITPOINT WARNING * * *
You feel as though you will be slow longer.
You take 9 damage, and have 2/44 hp.
MASSIVE DAMAGE!!
You die...

#.....<..# #.##.....#
#.##.....######
#.##..........#
##############.##..........#
............##.##..........#
.........K..##.######......#
#.........##.# #......#
#.#.......@..# #......#
#################......#
..............+
###########........#
.....................
##########.>.......#.#######
.........#.###.)...#..#
.........#.#.......#..#
.........#...†.........


You could see a kobold brigand.

Vanquished Creatures
  Terence (D:2)
  A gnoll (D:1)
  4 adders (D:2)
  A shadow imp (D:3)
  2 dart slugs
  3 leopard geckos
  A giant cockroach (D:1)
  4 goblins
  6 hobgoblins
  A ball python (D:1)
  9 bats
  2 frilled lizards
  6 kobolds
  2 rats (D:1)
43 creatures vanquished.

Notes
Turn   | Place    | Note
-------+----------+-------------------------------------------
     0 | D:1      | gimp the Troll Hunter began the quest for the Orb.
     0 | D:1      | Reached XP level 1. HP: 19/19 MP: 0/0
   267 | D:2      | Reached skill level 1 in Unarmed Combat
   270 | D:2      | Reached XP level 2. HP: 23/28 MP: 1/1
   504 | D:2      | Reached XP level 3. HP: 35/35 MP: 2/2
   978 | D:2      | Found an ancient bone altar of Kikubaaqudgha.
   995 | D:2      | Reached skill level 4 in Throwing
  1066 | D:2      | Reached XP level 4. HP: 37/42 MP: 3/3
  1155 | D:2      | Noticed Terence
  1169 | D:2      | Killed Terence
  1687 | D:3      | Noticed a kobold brigand
  1696 | D:3      | Gained mutation: Your magical capacity is low. (-10% MP)
                  | [potion of mutation]
  1696 | D:3      | Gained mutation: You have a pair of small horns on your
                  | head. [potion of mutation]
  1697 | D:3      | HP: 2/44 [asphyx]
  1698 | D:3      | Succumbed to kobold brigand's curare-tipped dart

Illustrated notes

Levels and vault maps discovered:
D:1:      heliophobic_arrival_battle_scene, layout_loops_cross
D:2:      layout_basic, lemuel_crystal_altar, uniq_terence
D:3:      layout_basic, elyvilon_altar_3

Skill      XL: |  1  2  3  4 |
---------------+-------------+-----
Unarmed Combat | 1 2 3 |  3.0
Fighting       | 2 |  2.4
Throwing       | 4 |  4.2
Dodging        | |  1.5
Stealth        | |  0.3

Action                   |  1- 3 |  4- 6 || total
-------------------------+-------+-------++-------
Melee: Unarmed           |    88 |    24 ||   112
       Punch             |     1 |       ||     1
  Use: Scroll            |       |     3 ||     3
       Potion            |       |     1 ||     1
 Stab: Sleeping          |     1 |     1 ||     2
Armor: Robe              |    73 |     3 ||    76
Dodge: Dodged            |    83 |     8 ||    91

Table legend: (Time is in decaauts)
 A = Elapsed time spent in this place.
 B = Non-inter-level travel time spent in this place.
 C = Inter-level travel time spent in this place.
 D = Time resting spent in this place.
 E = Time spent auto-exploring this place.
 F = Levels seen in this place.
 G = Mean time per level.
                   A        B        C        D        E       F      G
               +--------+--------+--------+--------+--------+-----+--------+
         Total |   1698 |   1627 |     71 |      4 |   1247 |   3 |  566.0 |
       Dungeon |   1698 |   1627 |     71 |      4 |   1247 |   3 |  566.0 |
               +--------+--------+--------+--------+--------+-----+--------+

Top non-repeatable levels by time:
     D:2: 883 daAuts
     D:1: 651 daAuts
     D:3: 162 daAuts
